 Dungeon Crawl Stone Soup version 0.31-a0-355-g57cb03d3e8 (webtiles) character file.

Game seed: 10821041024818545596

140 Dordric the Ruffian (level 5, 0/48 HPs)
             Began as an Ogre Shapeshifter on July 24, 2023.
             Splashed by a jelly's acid (9 damage)
             ... on level 4 of the Dungeon.
             The game lasted 00:01:57 (2432 turns).

Dordric the Ruffian (Ogre Shapeshifter)             Turns: 2432, Time: 00:01:59

Health: 0/48       AC: -1    Str: 19    XL:     5   Next: 23%
Magic:  5/5        EV: 10    Int:  9    God:
Gold:   169        SH:  0    Dex: 11    Spells: 4/4 levels left

rFire   . .          .
                       - Unarmed
rCold   + . .        (no shield)
rNeg    . . .        a - +0 animal skin
rPois   .            (helmet currently unavailable)
rElec   .            (cloak currently unavailable)
rCorr   .            (gloves unavailable)
SInv    +            (boots unavailable)
Will    .....        (no amulet)
Stlth   +            o - ring of see invisible
HPRegen 0.28/turn    n - ring of protection from cold
MPRegen 0.09/turn

%: no passive effects
@: beast-form, corroded
A: beast (slay +2), large, unfitting armour, tough skin 1
a: Begin Untransformation


You were on level 4 of the Dungeon.
You were a hulking beast.
You visited 1 branch of the dungeon, and saw 4 of its levels.

You collected 169 gold pieces.

Inventory:

Armour
 a - a +0 animal skin (worn)
Jewellery
 n - a ring of protection from cold (right hand)
 o - a ring of see invisible (left hand)
Talismans
 c - a beast talisman
 j - a serpent talisman
Wands
 q - a wand of polymorph (8)
Scrolls
 d - a scroll of revelation {unknown}
 e - a scroll of enchant armour {unknown}
 f - 2 scrolls of identify {unknown}
 k - a scroll of teleportation {unknown}
Potions
 b - 5 potions of lignification
 g - a potion of magic {unknown}
 h - a potion of mutation {unknown}
 i - 2 potions of heal wounds {unknown}
 l - a potion of degeneration {unknown}
 m - 4 potions of curing {unknown}
 p - a potion of enlightenment {unknown}
 r - a potion of berserk rage {unknown}
 s - 2 potions of brilliance {unknown}


   Skills:
 - Level 1.3 Fighting
 - Level 1.7 Dodging
 - Level 4.2 Unarmed Combat
 + Level 4.1 Shapeshifting


You had 4 spell levels left.
You didn't know any spells.
Your spell library contained the following spells:

 Spells                   Type           Power      Damage    Failure   Level
 Magic Dart               Conj           0%         1d3       38%         1
 Searing Ray              Conj           0%         2d4       52%         2
 Fulminant Prism          Conj/Hex       0%         3d5       99%         4


Dungeon Overview and Level Annotations

Branches:
Dungeon (4/15)
 Temple: D:4-7

Altars:
Fedhas
Hepliaklqana

Shops:
D:2 *


Innate Abilities, Weirdness & Mutations

You are a hulking beast.
Your limbs bulge with bestial killing power. (Slay +2)
You are too large for most types of armour.
You have tough skin. (AC +1)


Message History

You now have 169 gold pieces (gained 14).
Found 4 javelins.
A jelly comes into view.
A jelly is nearby!
An ogre comes into view. It is wielding a +0 giant spiked club.
Found 3 stones.
The ogre shouts!
The jelly quivers.
The jelly hits you.
You are splashed with acid.
You punch the jelly!
Your hands burn!
The jelly is heavily wounded.
The jelly closely misses you.
You hit the jelly. The acid corrodes you!
Your hands burn!
The jelly is severely wounded.
The jelly hits you.
You are splashed with acid!
You hit the jelly but do no damage.
Your hands burn!
The jelly is severely wounded.
The jelly hits you.
You are splashed with acid.
The ogre barely misses you.
You are too injured to fight recklessly!
You are too injured to fight recklessly!
You are too injured to fight recklessly!
You are too injured to fight recklessly!
You are too injured to fight recklessly!
You are too injured to fight recklessly!
You are too injured to fight recklessly!
You are too injured to fight recklessly!
You barely miss the ogre. The jelly hits you.
You are splashed with acid.
* * * LOW HITPOINT WARNING * * *
The ogre completely misses you.
You punch the ogre!
The ogre is moderately wounded.
A goblin comes into view. It is wielding a +0 club.
The jelly closely misses you.
The goblin shouts!
You hit the ogre.
The ogre is heavily wounded.
The jelly hits you.
* * * LOW HITPOINT WARNING * * *
You are splashed with acid!
You die...

..............#
#...
.##.###.#######
..... ..## #.#
.8....
.....###.#
#......
#......##
####...
#.###...#
#.....# #.#...#
#.#h### #...JO#
##...## #....
.g(... ##.....
#..... ##....


You could see an ogre, a jelly and a goblin.

Vanquished Creatures
  A hound (D:3)
  5 adders
  2 worms (D:2)
  3 dart slugs
  2 orcs (D:3)
  A ball python (D:1)
  7 endoplasms
  3 giant cockroaches
  5 goblins
  4 hobgoblins
  2 quokkas
  3 bats
  6 frilled lizards
  2 kobolds (D:1)
  6 rats
52 creatures vanquished.

Notes
Turn   | Place    | Note
-------+----------+-------------------------------------------
     0 | D:1      | Dordric the Ogre Shapeshifter began the quest for the Orb.
     0 | D:1      | Reached XP level 1. HP: 19/19 MP: 1/1
   328 | D:1      | Reached XP level 2. HP: 25/27 MP: 2/2
  1030 | D:2      | Found Bagrem's Assorted Antiques.
  1115 | D:2      | Reached XP level 3. HP: 33/33 MP: 3/3
  1543 | D:3      | Identified the +7 leather armour "Yntovoem" {Will+}
  1556 | D:3      | Reached XP level 4. HP: 25/41 MP: 4/4
  1977 | D:3      | Reached XP level 5. HP: 44/48 MP: 5/5
  2151 | D:3      | Found a blossoming altar of Fedhas.
  2156 | D:3      | Found a hazy altar of Hepliaklqana.
  2424 | D:4      | Noticed an ogre
  2432 | D:4      | Splashed by a jelly's acid

Illustrated notes

Levels and vault maps discovered:
D:1:      spicycebolla_arrival_clurvy, layout_basic
D:2:      layout_basic, serial_shops, shop, minmay_pentomino_v4
D:3:      layout_basic, minitemple
D:4:      layout_loops_cross, kennysheep_mini, serial_shops, shop,
          grunt_decor_fettered, nicolae_elevator_lobby_asterisk

Skill      XL: |  1  2  3  4  5 |
---------------+----------------+-----
Unarmed Combat | 3 4 |  4.2
Shapeshifting  | 4 |  4.1
Fighting       | |  1.3
Dodging        | |  1.7

Action                     |  1- 3 |  4- 6 || total
---------------------------+-------+-------++-------
  Melee: Unarmed           |    86 |    67 ||   153
         Punch             |     4 |     1 ||     5
 Armour: Animal skin       |    18 |    14 ||    32
  Dodge: Dodged            |    31 |    25 ||    56

Table legend: (Time is in decaauts)
 A = Elapsed time spent in this place.
 B = Non-inter-level travel time spent in this place.
 C = Inter-level travel time spent in this place.
 D = Time resting spent in this place.
 E = Time spent auto-exploring this place.
 F = Levels seen in this place.
 G = Mean time per level.
                   A        B        C        D        E       F      G
               +--------+--------+--------+--------+--------+-----+--------+
         Total |   2419 |   2334 |     85 |      0 |   1999 |   4 |  604.8 |
       Dungeon |   2419 |   2334 |     85 |      0 |   1999 |   4 |  604.8 |
               +--------+--------+--------+--------+--------+-----+--------+

Top non-repeatable levels by time:
     D:1: 919 daAuts
     D:3: 835 daAuts
     D:2: 602 daAuts
     D:4: 62 daAuts
